 Dungeon Sprint DCSS version 0.30.1-11-g7821555f0a (webtiles) character file.

Game seed: 3150383843620672043

4930 Groucho the Geomancer (level 10, -5/58 HPs)
             Began as a Deep Elf Earth Elementalist on Jan 14, 2024.
             Was a High Priest of Sif Muna.
             Shot with an arrow by a naga sharpshooter (17 damage)
             ... in the Dungeon (Sprint VII: "The Pits").
             The game lasted 00:09:53 (4544 turns).

Groucho the Geomancer (Deep Elf Earth Elementalist) Turns: 4544, Time: 00:09:53

Health: -5/58      AC:  7    Str:  5    XL:     10   Next: 27%
Magic:  14/28      EV: 16    Int: 25    God:    Sif Muna [*****.]
Gold:   0          SH:  0    Dex: 18    Spells: 25/33 levels left

rFire   . . .        l - +2 dagger (elec)
rCold   . . .        (no shield)
rNeg    . . .        s - +0 troll leather armour
rPois   .            q - +0 helmet
rElec   .            r - +0 cloak
rCorr   .            (no gloves)
SInv    .            (no boots)
Will    +....        (no amulet)
Stlth   +++          e - +3 ring of evasion
HPRegen 1.09/turn    m - +3 ring of dexterity
MPRegen 0.21/turn

%: no teleportation
@: no status effects
A: no striking features
a: Renounce Religion, Channel Magic, Forget Spell, Divine Exegesis


You were in the Dungeon.
You worshipped Sif Muna.
Sif Muna was extremely pleased with you.
You visited 1 branch

Inventory:

Hand Weapons
 l - a +2 dagger of electrocution (weapon)
 p - a +2 rapier of distortion
Armour
 h - a +3 ring mail
 q - a +0 helmet (worn)
 r - a +0 cloak (worn)
 s - a +0 troll leather armour (worn)
Jewellery
 e - a +3 ring of evasion (left hand)
 m - a +3 ring of dexterity (right hand)
Scrolls
 g - a scroll of blinking
 j - 5 scrolls of amnesia
Potions
 b - 4 potions of magic
 c - 6 potions of curing
 d - 10 potions of heal wounds
 f - 6 potions of berserk rage
 i - a potion of invisibility
 n - a potion of might
 o - a potion of resistance


   Skills:
 + Level 4.9 Fighting
 - Level 5.0 Short Blades
 + Level 4.9 Armour
 - Level 5.0 Dodging
 - Level 7.0 Stealth
 - Level 12.0 Spellcasting
 + Level 11.8 Conjurations
 + Level 6.8 Transmutations
 + Level 13.4 Earth Magic
 + Level 10.8 Invocations


You had 25 spell levels left.
You knew the following spells:

 Your Spells              Type           Power      Damage    Failure   Level
a - Sandblast             Erth           100%       2d20      1%          1
b - Stone Arrow           Conj/Erth      100%       3d13      1%          3
c - Petrify               Tmut/Erth      60%        N/A       1%          4

Your spell library contained the following spells:

 Spells                   Type           Power      Damage    Failure   Level
 Passwall                 Tmut/Erth      50%        N/A       1%          2
 Static Discharge         Conj/Air       88%        2-6/arc   1%          2
 Sticky Flame             Conj/Fire      44%        2d6       5%          4
 Ignite Poison            Fire/Tmut/Pois 26%        N/A       8%          3
 Statue Form              Tmut/Erth      40%        N/A       16%         6
 Ignition                 Fire           7%         3d5       100%        8
 Chain Lightning          Conj/Air       22%        3d29      100%        9


Dungeon Overview and Level Annotations

Branches:
Dungeon (1/1)

Altars:
Ashenzari
Cheibriados
Dithmenos
Elyvilon
Fedhas
Gozag
Hepliaklqana
Kikubaaqudgha
Makhleb
Nemelex Xobeh
Okawaru
Qazlal
Ru
Sif Muna
Trog
Uskayaw
Vehumet
Wu Jian
Xom
Yredelemnul
Zin
The Shining One
Jiyva
Lugonu


Message History

The naga sharpshooter gestures wildly while chanting.
The naga sharpshooter magically shoots an arrow.
The arrow hits you!
Unknown command.
Unknown command.
Casting: Petrify (dangerous; 1% risk of failure)
Confirm with . or Enter, or press ? or * to list all spells.
Aiming: Petrify (dangerous; 1% risk of failure)
Press: ? - help, Shift-Dir - straight line, f/p - naga sharpshooter
Aim: a naga sharpshooter, wielding a +0 shortbow (chance to affect: 25%)
The naga sharpshooter is moving more slowly.
You feel sick.
The naga sharpshooter spits poison at you.
The splash of poison hits you.
You are more poisoned.
Unknown command.
You feel sick.
Things that are here:
a +0 battleaxe; a +0 chain mail You feel better.
Unknown command.
Unknown command.
Items here: )) [[.
Things that are here:
a +0 battleaxe; a +0 chain mail
Items here: )) [[.
Things that are here:
a +0 battleaxe; a +0 chain mail
Things that are here:
a +0 mace; a +0 leather armour
There is an open door, spattered with blood here.
You see here a +0 whip.
The naga sharpshooter is no longer petrified.
The naga sharpshooter casts a spell.
The naga sharpshooter magically shoots an arrow.
The arrow hits you!!
* * * LOW HITPOINT WARNING * * *
You closely miss the naga sharpshooter.
The naga sharpshooter shoots an arrow.
The arrow hits you!
You die...

#_________.# #_________.#
#_______...###########++
##########'##...........
#.?(.')))'.##......#..#.
##########.##...........
#.......))).'...........
#'#####)#####......#..#.
#.#.).#@#[.##........)..
#.#...#N#))#####'#####''
#)#...'.#))##.......##''
#.##'####))##.......##ยง[
#.#.....#..##.......##.b
#.#.....#'###...<...###.
#.#........##.......# ##
#.#....)...##.......###.
#'###########.......##b.


You could see a naga sharpshooter.

Vanquished Creatures
  A hydra (D)
  3 hell hogs (D)
  A phantasmal warrior (D)
  A salamander (D)
  A naga mage (D)
  A rime drake (D)
  An ice devil (D)
  A guardian mummy (D)
  A troll (D)
  A floating eye (D)
  2 orc warriors (D)
  A wolf (D)
  A scorpion (D)
  A quasit (D)
  An orc wizard (D)
  2 gnolls (D)
  An ufetubus (D)
  4 orcs (D)
  2 endoplasms (D)
  A goblin (D)
  A hobgoblin (D)
  A ball python zombie (D)
  A bat (D)
  4 frilled lizards (D)
  A giant cockroach zombie (D)
36 creatures vanquished.

Vanquished Creatures (others)
  A black bear (D)
1 creature vanquished.

Grand Total: 37 creatures vanquished

Notes
Turn   | Place    | Note
-------+----------+-------------------------------------------
     0 | D        | Groucho the Deep Elf Earth Elementalist began the quest for
                  | the Orb.
     0 | D        | Reached XP level 1. HP: 10/10 MP: 6/6
    10 | D        | Reached skill level 1 in Conjurations
    10 | D        | Reached skill level 4 in Earth Magic
    35 | D        | Found a glowing golden altar of the Shining One.
    35 | D        | Found a glowing silver altar of Zin.
    35 | D        | Found a basalt altar of Yredelemnul.
    35 | D        | Found a shimmering altar of Xom.
    35 | D        | Found an ornate altar of the Wu Jian Council.
    35 | D        | Found a bloodstained altar of Trog.
    35 | D        | Found a shimmering blue altar of Sif Muna.
    35 | D        | Found a sacrificial altar of Ru.
    35 | D        | Found a stormy altar of Qazlal.
    35 | D        | Found an iron altar of Okawaru.
    35 | D        | Found a sparkling altar of Nemelex Xobeh.
    35 | D        | Found a burning altar of Makhleb.
    35 | D        | Found a viscous altar of Jiyva.
    35 | D        | Found a hazy altar of Hepliaklqana.
    35 | D        | Found an opulent altar of Gozag.
    35 | D        | Found a blossoming altar of Fedhas.
    35 | D        | Found a white marble altar of Elyvilon.
    35 | D        | Found a shadowy altar of Dithmenos.
    35 | D        | Found a snail-covered altar of Cheibriados.
    36 | D        | Found a radiant altar of Vehumet.
    36 | D        | Found a corrupted altar of Lugonu.
    37 | D        | Found an ancient bone altar of Kikubaaqudgha.
    37 | D        | Found a hide-covered altar of Uskayaw.
    37 | D        | Found a broken altar of Ashenzari.
    40 | D        | Became a worshipper of Sif Muna the Loreminder
    47 | D        | Noticed a floating eye
    54 | D        | Paralysed by a floating eye for 4 turns
    59 | D        | Paralysed by a floating eye for 2 turns
    62 | D        | Paralysed by a floating eye for 4 turns
    66 | D        | Killed a floating eye
    67 | D        | Reached skill level 7 in Earth Magic
    67 | D        | Reached XP level 2. HP: 15/15 MP: 7/11
    67 | D        | Reached XP level 3. HP: 19/19 MP: 8/13
    67 | D        | Reached XP level 4. HP: 24/24 MP: 8/14
    71 | D        | Learned a level 3 spell: Stone Arrow
   353 | D        | Noticed a scorpion
   361 | D        | Killed a scorpion
   361 | D        | Reached * piety under Sif Muna
   362 | D        | Reached skill level 5 in Conjurations
   362 | D        | Reached skill level 8 in Earth Magic
   362 | D        | Reached XP level 5. HP: 28/28 MP: 5/16
   796 | D        | Reached ** piety under Sif Muna
  1147 | D        | Noticed an orc warrior
  1173 | D        | Reached skill level 1 in Short Blades
  1173 | D        | Reached skill level 9 in Earth Magic
  1192 | D        | Reached *** piety under Sif Muna
  1196 | D        | Killed an orc warrior
  1197 | D        | Reached skill level 5 in Stealth
  1197 | D        | Reached XP level 6. HP: 32/32 MP: 2/19
  1288 | D        | Reached **** piety under Sif Muna
  1679 | D        | Noticed a seven-headed hydra
  1698 | D        | Killed a seven-headed hydra
  1699 | D        | Reached skill level 5 in Short Blades
  1699 | D        | Reached skill level 10 in Earth Magic
  1699 | D        | Reached XP level 7. HP: 27/36 MP: 8/23
  1699 | D        | Reached XP level 8. HP: 31/41 MP: 8/25
  1721 | D        | Reached ***** piety under Sif Muna
  1746 | D        | Reached skill level 11 in Earth Magic
  2142 | D        | Noticed a guardian mummy
  2143 | D        | Received a gift from Sif Muna
  2153 | D        | Killed a guardian mummy
  2169 | D        | Noticed a rime drake
  2172 | D        | Killed a rime drake
  2937 | D        | Learned a level 4 spell: Petrify
  2963 | D        | Noticed a hell hog
  2963 | D        | Noticed a hell hog
  2963 | D        | Noticed a hell hog
  2964 | D        | Noticed a troll
  2980 | D        | Killed a troll
  2981 | D        | Reached skill level 1 in Fighting
  2981 | D        | Reached skill level 1 in Armour
  2981 | D        | Reached skill level 10 in Conjurations
  2981 | D        | Reached skill level 12 in Earth Magic
  2982 | D        | Killed a hell hog
  2983 | D        | Reached XP level 9. HP: 49/49 MP: 0/27
  2990 | D        | Killed a hell hog
  2991 | D        | Reached skill level 5 in Dodging
  3004 | D        | Killed a hell hog
  3005 | D        | Reached skill level 5 in Transmutations
  3005 | D        | Reached skill level 10 in Invocations
  3707 | D        | Noticed a phantasmal warrior
  3707 | D        | Noticed a naga mage
  3707 | D        | Noticed a naga sharpshooter
  3707 | D        | Noticed a salamander
  3707 | D        | Noticed an ice devil
  3727 | D        | Killed a phantasmal warrior
  3727 | D        | Received a gift from Sif Muna
  3728 | D        | Reached skill level 13 in Earth Magic
  3728 | D        | Reached XP level 10. HP: 46/57 MP: 14/28
  3728 | D        | Got Sif Muna's Vellum of the Harmful Lithosphere {god gift}
  3736 | D        | Killed a salamander
  4191 | D        | Killed a naga mage
  4544 | D        | Shot with an arrow by a naga sharpshooter

Illustrated notes

Levels and vault maps discovered:
D:        pitsprint [storerooms_1, entrance_room_1, metal_vault_2, armoury_3,
          mini_pit_1, grid_room_1, main_hall_1, silver_pit, the_coven_3,
          the_vestibule_1, steel_vault_2, golden_pit, hallway_of_sentries,
          crystal_vault_2, iron_vault_5, final_vault]

Skill      XL: |  1  2  3  4  5  6  7  8  9 10 |
---------------+-------------------------------+-----
Conjurations   | 4 5 6 8 10 11 | 11.8
Earth Magic    | 7 8 9 10 12 13 | 13.4
Spellcasting   | 6 7 8 11 12 | 12.0
Invocations    | 2 4 6 9 10 | 10.8
Short Blades   | 2 5 |  5.0
Stealth        | 5 7 |  7.0
Fighting       | 2 4 |  4.9
Armour         | 2 4 |  4.9
Dodging        | 4 5 |  5.0
Transmutations | 3 5 6 |  6.8

Action                     |  1- 3 |  4- 6 |  7- 9 | 10-12 || total
---------------------------+-------+-------+-------+-------++-------
  Melee: Dagger            |     9 |       |       |     1 ||    10
   Cast: Sandblast         |     1 |    10 |    10 |       ||    21
         Stone Arrow       |       |    21 |    30 |    15 ||    66
         Petrify           |       |       |       |     3 ||     3
    Use: Potion            |       |     1 |     2 |     3 ||     6
         Scroll            |       |       |     1 |       ||     1
   Stab: Sleeping          |     1 |       |       |       ||     1
 Armour: Robe              |       |       |     1 |       ||     1
         Troll leather arm |       |       |       |     1 ||     1
  Dodge: Dodged            |       |    10 |     9 |     3 ||    22
